 Dungeon Crawl Stone Soup version 0.27.0-1-g7a089689b8 (webtiles) character file.

Game seed: 11863915473291136026

16 Spectrina the Ducker (level 2, -1/18 HPs)
             Began as a Deep Elf Monk on Aug 7, 2021.
             Slain by an orc (3 damage)
             ... on level 4 of the Dungeon.
             The game lasted 00:01:03 (176 turns).

Spectrina the Ducker (Deep Elf Monk)                 Turns: 176, Time: 00:01:04

Health: -1/18      AC:  2    Str:  8    XL:     2   Next: 41%
Magic:  8/8        EV: 13    Int: 14    God:
Gold:   13         SH:  0    Dex: 17    Spells: 7/7 levels left

rFire    . . .     SeeInvis .   a - +0 short sword
rCold    . . .     Faith    .   (no shield)
rNeg     . . .     Spirit   .   b - +0 robe
rPois    .         Reflect  .   (no helmet)
rElec    .         Harm     .   (no cloak)
rCorr    +         Rampage  .   (no gloves)
Will     .....                  (no boots)
Stlth    ++........             (no amulet)
HPRegen  0.06/turn              g - ring of resist corrosion
MPRegen  0.11/turn              (no ring)

@: brilliant
A: mutation resistance 1
a: no special abilities


You were on level 4 of the Dungeon.
You visited 1 branch of the dungeon, and saw 4 of its levels.

You collected 13 gold pieces.

Inventory:

Hand Weapons
 a - a +0 short sword (weapon)
Missiles
 k - 20 arrows
Armour
 b - a +0 robe (worn)
Jewellery
 g - a ring of resist corrosion (left hand)
Scrolls
 c - a scroll of identify {unknown}
 d - a scroll of magic mapping {unknown}
 e - a scroll of enchant armour {unknown}
 h - a scroll of summoning {unknown}
 i - a scroll of teleportation {unknown}


   Skills:
 - Level 2.4 Fighting
 - Level 3.0 Short Blades
 - Level 3.6 Dodging
 - Level 2.4 Stealth
 + Level 3.0 Spellcasting


You had 7 spell levels left.
You didn't know any spells.
Your spell library was empty.

Dungeon Overview and Level Annotations

Branches:
Dungeon (4/15)
 Temple: D:4-7

Altars:
Dithmenos


Innate Abilities, Weirdness & Mutations

You are somewhat resistant to further mutation.


Message History

You see here 20 arrows.
k - 20 arrows
Found a ring mail.
Found an escape hatch in the ceiling.
An endoplasm comes into view.
The endoplasm quivers.
You see here 2 gold pieces.
You now have 13 gold pieces (gained 2).
An adder comes into view.
You hit the endoplasm.
The endoplasm is heavily wounded.
The endoplasm barely misses you.
You hit the endoplasm.
You kill the endoplasm!
Your Spellcasting skill increases to level 3!
There is a stone staircase leading down here.
You climb downwards.
Found a shadowy altar of Dithmenos.
Found an escape hatch in the floor.
There is a stone staircase leading up here.
Found a ring mail.
An orc comes into view. It is wielding a +0 short sword.
The orc shouts!
You hit the orc but do no damage. The orc barely misses you.
You hit the orc but do no damage. The orc closely misses you.
You completely miss the orc. The orc hits you with a +0 short sword.
You hit the orc but do no damage. The orc hits you but does no damage.
You barely miss the orc. The orc barely misses you.
It was a potion of brilliance.
You feel clever all of a sudden. The orc hits you with a +0 short sword.
* * * LOW HITPOINT WARNING * * *
Unknown command.
It was a potion of mutation.
You feel extremely strange.
You feel genetically stable. The orc misses you.
You barely miss the orc. The orc hits you with a +0 short sword.
* * * LOW HITPOINT WARNING * * *
You hit the orc.
The orc is almost dead.
The orc hits you with a +0 short sword.
You die...

.§§≈≈≈§§.<.......
.§§§............
##.##.########..
#.# # #.# #. #.#
##.##.#
.###...#.#
.......@.#
.###..o#.#
##.##..# ..# ##.#
... .# #.. .# ##
.. .


You could see an orc.

Vanquished Creatures
  An adder (D:2)
  3 endoplasms
  A hobgoblin (D:2)
  A ball python (D:2)
  A frilled lizard (D:2)
  A rat (D:1)
8 creatures vanquished.

Vanquished Creatures (others)
  A fungus (D:4)
1 creature vanquished.

Grand Total: 9 creatures vanquished

Notes
Turn   | Place    | Note
-------+----------+-------------------------------------------
     0 | D:1      | Spectrina the Deep Elf Monk began the quest for the Orb.
     0 | D:1      | Reached XP level 1. HP: 13/13 MP: 3/3
    33 | D:2      | Reached XP level 2. HP: 18/18 MP: 5/7
    80 | D:1      | Found a faded altar of an unknown god.
   158 | D:4      | Found a shadowy altar of Dithmenos.
   174 | D:4      | Gained mutation: You are somewhat resistant to further
                  | mutation. [potion of mutation]
   176 | D:4      | Slain by an orc

Illustrated notes

Levels and vault maps discovered:
D:1:      amcnicky_arrival_gap_in_the_tavern_cellar, layout_basic,
          shapermc_ecumenical_altar_venn, minmay_misc_feat_four_crosses,
          minivault_5
D:2:      layout_rooms, basic_altar, wad_orctagon
D:3:      layout_basic, uniq_terence
D:4:      layout_loops_ring, general_overflow_altar,
          mainiacjoe_overflow_chevrons,
          chequers_temple_overflow_statue_of_worship, serial_bayou_crossing

Skill      XL: |  1  2 |
---------------+-------+-----
Spellcasting   | 2 3 |  3.0
Fighting       | |  2.4
Short Blades   | |  3.0
Dodging        | |  3.6
Stealth        | |  2.4

Action                   || total
-------------------------++-------
Melee: Short sword       ||    26
  Use: Potion            ||     2
 Stab: Sleeping          ||     1
Armor: Robe              ||     2
Dodge: Dodged            ||    15
